 Dungeon Crawl Stone Soup version 0.27-a0-1140-g099f9bb0e8 (webtiles) character file.

Game seed: 1696039160567447953

234 freelancePsychic the Covert (level 6, -2/53 HPs)
             Began as a Gnoll Delver on May 10, 2021.
             Slain by Pikel
             ... wielding a +0 whip of freezing
              (7 damage)
             ... on level 4 of the Dungeon.
             The game lasted 00:10:06 (4156 turns).

freelancePsychic the Covert (Gnoll Delver)          Turns: 4156, Time: 00:10:07

Health: -2/53      AC:  6    Str: 12    XL:     6   Next: 5%
Magic:  8/8        EV: 11    Int: 11    God:
Gold:   148        SH:  0    Dex: 19    Spells: 8/8 levels left

rFire    . . .     SeeInvis +   a - +3 whip
rCold    x . .     Faith    .   (no shield)
rNeg     . . .     Spirit   .   p - +0 scale mail
rPois    .         Reflect  .   (no helmet)
rElec    .         Harm     .   k - scarf {repulsion}
rCorr    +         Rampage  .   (no gloves)
Will     .....                  (no boots)
Stlth    ++++......             (no amulet)
HPRegen  0.17/turn              f - ring of flight
MPRegen  0.11/turn              s - ring of Propriety {rC- rCorr Dex+6 SInv Stlth+}

@: flying, repel missiles
A: fangs 1, strong nose, distributed training
a: no special abilities


You were on level 4 of the Dungeon.
You visited 1 branch of the dungeon, and saw 5 of its levels.

You collected 148 gold pieces.

Inventory:

Hand Weapons
 a - a +3 whip (weapon)
 b - a +0 hunting sling
Missiles
 j - 45 stones (quivered)
Armour
 i - a +0 leather armour
 k - a scarf of repulsion (worn)
 p - a +0 scale mail (worn)
Jewellery
 f - a ring of flight (left hand)
 s - the ring of Propriety (right hand) {rC- rCorr Dex+6 SInv Stlth+}
   (You acquired it on level 4 of the Dungeon)

   [ring of dexterity]

   It affects your dexterity (+6).
   It makes you vulnerable to cold.
   It lets you see invisible.
   It protects you from acid and corrosion.
   It makes you more stealthy.
Wands
 g - a wand of digging (3)
 r - a wand of flame (14)
 t - a wand of iceblast (9)
Scrolls
 c - 3 scrolls of fog
 d - 2 scrolls of identify {@r1}
 e - a scroll of fear
 m - a scroll of magic mapping
Potions
 h - a potion of brilliance {unknown}
 l - 2 potions of degeneration {unknown}
 n - a potion of magic {unknown}
 o - a potion of attraction {unknown}
 q - a potion of might {unknown}


   Skills:
 + Level 6.7 Fighting
 + Level 1.7 Short Blades
 + Level 1.7 Long Blades
 + Level 1.7 Axes
 + Level 4.9 Maces & Flails
 + Level 1.7 Polearms
 + Level 1.7 Staves
 + Level 1.7 Slings
 + Level 1.7 Bows
 + Level 1.7 Crossbows
 + Level 1.7 Throwing
 + Level 1.7 Armour
 + Level 4.9 Dodging
 + Level 9.7 Stealth
 + Level 1.7 Shields
 + Level 1.7 Unarmed Combat
 + Level 1.7 Spellcasting
 + Level 1.3 Conjurations
 + Level 1.3 Hexes
 + Level 1.3 Summonings
 + Level 1.3 Necromancy
 + Level 1.3 Translocations
 + Level 1.3 Transmutations
 + Level 1.3 Fire Magic
 + Level 1.3 Ice Magic
 + Level 1.3 Air Magic
 + Level 1.3 Earth Magic
 + Level 1.3 Poison Magic
 + Level 2.0 Invocations
 + Level 1.7 Evocations


You had 8 spell levels left.
You didn't know any spells.
Your spell library contained the following spells:

 Spells                   Type           Power      Damage    Failure   Level
 Confusing Touch          Hex            4%         N/A       95%         3
 Gell's Gravitas          Tloc           2%         N/A       95%         3
 Petrify                  Tmut/Erth      4%         N/A       100%        4
 Metabolic Englaciation   Hex/Ice        2%         N/A       100%        5
 Yara's Violent Unravell  Hex/Tmut       2%         3d3       100%        5


Dungeon Overview and Level Annotations

Branches:
Dungeon (5/15)
 Temple: D:4-7

Altars:

Shops:
D:5 :

Annotations:
D:4 Pikel


Innate Abilities, Weirdness & Mutations

You have very sharp teeth.
Your uncanny sense of smell can sniff out nearby items.
Your experience applies equally to all skills.


Message History

You are too injured to fight recklessly!
You are too injured to fight recklessly!
You are too injured to fight recklessly!
You are too injured to fight recklessly!
You are too injured to fight recklessly!
You are too injured to fight recklessly!
You are too injured to fight recklessly!
You are too injured to fight recklessly!
You are too injured to fight recklessly!
You are too injured to fight recklessly!
You are too injured to fight recklessly!
You are too injured to fight recklessly!
You are too injured to fight recklessly!
You are too injured to fight recklessly!
You are too injured to fight recklessly!
You are too injured to fight recklessly!
You are too injured to fight recklessly!
You feel sick.
Pikel hits you with a +0 whip of freezing.
Pikel freezes you.
You feel sick. The adder closely misses you.
You feel sick.
You barely miss the lemure. The lemure hits you.
Your scale mail prevents you from hitting the lemure.
You feel sick. The lemure hits you!
* * * LOW HITPOINT WARNING * * *
Pikel says, "You'll feel the lick of my whip!"
You hit the lemure but do no damage. You bite the lemure, but do no damage.
You feel sick. The lemure hits you but does no damage.
You hit the lemure but do no damage.
You feel sick.
You are no longer poisoned.
The lemure hits you.
* * * LOW HITPOINT WARNING * * *
You hit the lemure. Your bite misses the lemure.
The lemure is lightly wounded.
You barely miss Pikel. You hit Pikel.
Pikel is lightly wounded.
Pikel hits you with a +0 whip of freezing!
You die...

.#........###..###..#
######.#. . .....#.# #.<#
#..### #.#. #.#..#.#.# #..#
#..... ..#.
#....#.#.#####..###..###
####. #.#..#...............#
#.
#....................########
#.
###.S#.########5S5..........#
#. #......#####
##K##.##.####.# #.
#..........# #@##.##.# #.# #.
.......###.# #.##.##.####.#
#. #.###### #.#
#.##.##.#....# #. #.# #.#
#.##.##.#.#### ##
#.########.#####.##.##.#.#
#.)÷.÷..............##.#.#
#.###############.### #.#
.#.## ###.# #.# ###.###
###...## #.#


You could see Pikel, 2 lemures and an adder.

Vanquished Creatures
  A necrophage (D:4)
  2 lemures (D:4)
  A hound (D:4)
  4 adders
  3 worms (D:2)
  4 dart slugs
  2 orcs
  7 ball pythons
  8 bats
  6 endoplasms
  2 giant cockroaches
  6 goblins
  8 hobgoblins
  2 jackals (D:3)
  5 kobolds
  5 frilled lizards
  3 rats
69 creatures vanquished.

Notes
Turn   | Place    | Note
-------+----------+-------------------------------------------
     0 | D:5      | Reached skill level 9 in Stealth
     0 | D:5      | freelancePsychic the Gnoll Delver began the quest for the
                  | Orb.
     0 | D:5      | Reached XP level 1. HP: 23/23 MP: 1/1
    31 | D:5      | Noticed an iguana
    45 | D:4      | Noticed an ogre
   118 | D:2      | Reached XP level 2. HP: 15/29 MP: 2/2
   538 | D:1      | Reached XP level 3. HP: 35/35 MP: 3/3
   999 | D:1      | Reached skill level 1 in Invocations
  1030 | D:1      | Found a faded altar of an unknown god.
  1501 | D:2      | Reached skill level 1 in Short Blades
  1501 | D:2      | Reached skill level 1 in Long Blades
  1501 | D:2      | Reached skill level 1 in Axes
  1501 | D:2      | Reached skill level 1 in Polearms
  1501 | D:2      | Reached skill level 1 in Staves
  1501 | D:2      | Reached skill level 1 in Slings
  1501 | D:2      | Reached skill level 1 in Bows
  1501 | D:2      | Reached skill level 1 in Crossbows
  1501 | D:2      | Reached skill level 1 in Throwing
  1501 | D:2      | Reached skill level 1 in Armour
  1501 | D:2      | Reached skill level 1 in Shields
  1501 | D:2      | Reached skill level 1 in Unarmed Combat
  1501 | D:2      | Reached skill level 1 in Spellcasting
  1501 | D:2      | Reached skill level 1 in Evocations
  1611 | D:2      | You fall into a shaft and drop 2 floors!
  1652 | D:4      | Noticed an ogre
  1673 | D:4      | Reached XP level 4. HP: 41/41 MP: 5/5
  1713 | D:4      | Reached skill level 1 in Conjurations
  1713 | D:4      | Reached skill level 1 in Hexes
  1713 | D:4      | Reached skill level 1 in Summonings
  1713 | D:4      | Reached skill level 1 in Necromancy
  1713 | D:4      | Reached skill level 1 in Translocations
  1713 | D:4      | Reached skill level 1 in Transmutations
  1713 | D:4      | Reached skill level 1 in Fire Magic
  1713 | D:4      | Reached skill level 1 in Ice Magic
  1713 | D:4      | Reached skill level 1 in Air Magic
  1713 | D:4      | Reached skill level 1 in Earth Magic
  1713 | D:4      | Reached skill level 1 in Poison Magic
  1906 | D:4      | Noticed a necrophage
  1926 | D:4      | Killed a necrophage
  1927 | D:4      | Reached XP level 5. HP: 24/47 MP: 5/7
  1941 | D:4      | Noticed a lemure
  2103 | D:4      | Noticed a lemure
  2104 | D:4      | Noticed Pikel
  3228 | D:2      | Reached XP level 6. HP: 53/53 MP: 8/8
  3700 | D:4      | Identified a scroll of acquirement
  3708 | D:4      | Acquired the ring of Propriety {rC- rCorr Dex+6 SInv
                  | Stlth+}
  4156 | D:4      | Slain by Pikel

Illustrated notes

Levels and vault maps discovered:
D:1:      giann_wishing_wells, layout_loops_cross,
          shapermc_ecumenical_altar_mp_urbaneastern
D:2:      layout_loops_corners
D:3:      layout_basic, chequers_serial_rivers_small_3
D:4:      minmay_skewed_foursquare, layout_loops_ring,
          gammafunk_temple_overflow_forgotten, minmay_temple_entry_trees,
          uniq_pikel
D:5:      layout_loops_corners, amcnicky_altar_gilded, serial_shops, shop,
          uniq_sigmund

Skill      XL: |  1  2  3  4  5 |
---------------+----------------+-----
Stealth        | |  9.7
Invocations    | 1 2 |  2.0
Short Blades   | 1 |  1.7
Long Blades    | 1 |  1.7
Axes           | 1 |  1.7
Polearms       | 1 |  1.7
Staves         | 1 |  1.7
Slings         | 1 |  1.7
Bows           | 1 |  1.7
Crossbows      | 1 |  1.7
Throwing       | 1 |  1.7
Armour         | 1 |  1.7
Shields        | 1 |  1.7
Unarmed Combat | 1 |  1.7
Spellcasting   | 1 |  1.7
Evocations     | 1 |  1.7
Conjurations   | 1 |  1.3
Hexes          | 1 |  1.3
Summonings     | 1 |  1.3
Necromancy     | 1 |  1.3
Translocations | 1 |  1.3
Transmutations | 1 |  1.3
Fire Magic     | 1 |  1.3
Ice Magic      | 1 |  1.3
Air Magic      | 1 |  1.3
Earth Magic    | 1 |  1.3
Poison Magic   | 1 |  1.3
Fighting       | |  6.7
Maces & Flails | |  4.9
Dodging        | |  4.9

Action                   |  1- 3 |  4- 6 || total
-------------------------+-------+-------++-------
Melee: Mace              |    58 |       ||    58
       Bite              |     4 |     7 ||    11
       Whip              |    24 |   102 ||   126
 Fire: Hunting sling     |       |    65 ||    65
Evoke: Wand              |       |     2 ||     2
  Use: Scroll            |     1 |     3 ||     4
       Potion            |       |     1 ||     1
 Stab: Sleeping          |    19 |     9 ||    28
       Distracted        |       |     2 ||     2
Armor: Leather armour    |    24 |    11 ||    35
       Scale mail        |       |    30 ||    30
Dodge: Dodged            |    40 |    83 ||   123

Table legend: (Time is in decaauts)
 A = Elapsed time spent in this place.
 B = Non-inter-level travel time spent in this place.
 C = Inter-level travel time spent in this place.
 D = Time resting spent in this place.
 E = Time spent auto-exploring this place.
 F = Levels seen in this place.
 G = Mean time per level.
                   A        B        C        D        E       F      G
               +--------+--------+--------+--------+--------+-----+--------+
         Total |   4137 |   3947 |    190 |    921 |   2137 |   5 |  827.4 |
       Dungeon |   4137 |   3947 |    190 |    921 |   2137 |   5 |  827.4 |
               +--------+--------+--------+--------+--------+-----+--------+

Top non-repeatable levels by time:
     D:2: 1562 daAuts
     D:4: 978 daAuts
     D:1: 809 daAuts
     D:3: 749 daAuts
     D:5: 37 daAuts
